 Dungeon Crawl Stone Soup version 0.27.1-3-gb3d3a73c9e (webtiles) character file.

Game seed: 18325675066450144471

21 MrBoozer the Conjurer (level 2, 0/17 HPs)
             Began as an Octopode Conjurer on Oct 11, 2021.
             Fell down a flight of stairs (1 damage)
             ... on level 2 of the Dungeon.
             The game lasted 00:05:48 (858 turns).

MrBoozer the Conjurer (Octopode Conjurer)            Turns: 858, Time: 00:05:48

Health: 0/17       AC:  1    Str:  6    XL:     2   Next: 83%
Magic:  5/5        EV: 13    Int: 20    God:
Gold:   67         SH:  0    Dex: 10    Spells: 2/5 levels left

rFire    . . .     SeeInvis .   (no weapon)
rCold    . . .     Faith    .   (no shield)
rNeg     . . .     Spirit   .   (helmet restricted)
rPois    .         Reflect  .   (no amulet)
rElec    .         Harm     .   (no ring)
rCorr    .         Rampage  .   (no ring)
Will     .....                  (no ring)
Stlth    ++........             (no ring)
HPRegen  0.05/turn              (no ring)
MPRegen  0.09/turn              (no ring)
                                (no ring)
                                (no ring)

@: confused, lethally poisoned (0 -> -4)
A: almost no armour, amphibious, 8 rings, camouflage 1, gelatinous body 1,
(nimble swimmer 1), tentacles
a: no special abilities


You were on level 2 of the Dungeon.
You visited 1 branch of the dungeon, and saw 2 of its levels.

You collected 67 gold pieces.

Inventory:

Scrolls
 b - a scroll of acquirement {unknown}
 c - a scroll of vulnerability {unknown}
Potions
 a - a potion of flight {unknown}


   Skills:
 + Level 2.0 Dodging
 + Level 2.8 Stealth
 + Level 2.2 Spellcasting
 + Level 4.5 Conjurations


You had 2 spell levels left.
You knew the following spells:

 Your Spells              Type           Power      Damage    Failure   Level
a - Magic Dart            Conj           80%        1d7       2%          1
b - Searing Ray           Conj           40%        3d4       3%          2

Your spell library contained the following spells:

 Spells                   Type           Power      Damage    Failure   Level
 Dazzling Flash           Conj/Hex       22%        N/A       19%         3
 Fulminant Prism          Conj/Hex       5%         3d7       52%         4
 Iskenderun's Mystic Bla  Conj/Tloc      11%        2d4       52%         4


Dungeon Overview and Level Annotations

Branches:
Dungeon (2/15)

Altars:

Annotations:
D:2 Sigmund


Innate Abilities, Weirdness & Mutations

You cannot wear most types of armour.
You are amphibious.
You can wear up to eight rings at the same time.
Your skin changes colour to match your surroundings (Stealth+).
Your rubbery body absorbs attacks. (AC +1, EV +1)
((You are camouflaged near water. (Stealth+)))
You have tentacles for arms and can constrict up to eight enemies at once.


Message History

Press: ? - help, Shift-Dir - straight line, f - Sigmund
Aim: Sigmund, wielding a +0 scythe of venom and wearing a +0 robe (lightly wounded, 75% to hit)
The searing ray hits Sigmund.
Sigmund is lightly wounded. (Press . to maintain the ray.)
The searing ray misses Sigmund.
Sigmund casts a spell at you. You resist with significant effort.
The searing ray hits Sigmund.
Sigmund is moderately wounded.
Sigmund hits you from afar with a +0 scythe of venom.
The searing ray misses Sigmund.
You finish channeling your searing ray.
Sigmund gestures at you while chanting. The magic dart hits you.
You climb upwards.
There is a stone staircase leading down here.
You start resting.
Magic restored.
You climb downwards.
Level annotation: Sigmund Sigmund gestures at you while chanting.
You are confused.
Sigmund barely misses you.
There is a stone staircase leading up, spattered with blood here.
You're too confused to cast spells.
You bump into the rock wall.
Unknown command.
You're too confused to cast spells.
You bump into the rock wall.
Sigmund misses you.
Sigmund hits you with a +0 scythe of venom.
* * * LOW HITPOINT WARNING * * *
You are lethally poisoned!
In your confused state, you trip and fall back down the stairs.
* * * LOW HITPOINT WARNING * * *
x2 You feel sick.
Unknown command.
* * * LOW HITPOINT WARNING * * *
You feel sick. Sigmund barely misses you.
In your confused state, you trip and fall back down the stairs.
You die...

######## #......#
#########.#.##.##
#......<.........
#.######..#.##.##
##...###
#.....###.#
##@.......#
##@####### #.#
#.# #'# ... .....
.....@. .........


You could see Sigmund.

Vanquished Creatures
  2 ball pythons (D:1)
  4 endoplasms (D:1)
  A giant cockroach (D:1)
  2 quokkas (D:1)
  3 bats (D:1)
  A frilled lizard (D:1)
  4 goblins (D:1)
  2 rats (D:1)
19 creatures vanquished.

Notes
Turn   | Place    | Note
-------+----------+-------------------------------------------
     0 | D:1      | MrBoozer the Octopode Conjurer began the quest for the Orb.
     0 | D:1      | Reached XP level 1. HP: 11/11 MP: 3/3
   193 | D:1      | Reached XP level 2. HP: 17/17 MP: 0/5
   647 | D:1      | Learned a level 2 spell: Searing Ray
   781 | D:2      | Noticed Sigmund
   858 | D:2      | Fell down a flight of stairs

Illustrated notes

Levels and vault maps discovered:
D:1:      ncdulo_halloftheorcs, layout_rooms, chequers_serial_rivers_room_a
D:2:      layout_loops_corners, uniq_sigmund, uniq_jessica

Action                   || total
-------------------------++-------
 Cast: Magic Dart        ||    34
       Searing Ray       ||     1
Armor: Skin              ||     1
Dodge: Dodged            ||     7
